 Dungeon Crawl Stone Soup version 0.20-a0-1020-g7b9e4fe (webtiles) character file.

301727 4thArraOfDagon the Bludgeoner (level 21, -13/153 HPs)
             Began as a Barachi Fire Elementalist on Apr 17, 2017.
             Was the Champion of Qazlal.
             Mangled by an iron troll (15 damage)
             ... on level 1 of the Depths on Apr 18, 2017.
             The game lasted 03:11:50 (29321 turns).

4thArraOfDagon the Bludgeoner (BaFE)               Turns: 29321, Time: 03:11:51

Health: -13/153    AC: 42    Str: 12    XL:     21   Next: 4%
Magic:  1/31       EV: 16    Int: 34    God:    Qazlal [******]
Gold:   1209       SH:  8    Dex: 18    Spells: 8/40 levels left

rFire    + + .     SeeInvis +   A - +7 eveningstar (protect)
rCold    + + .     Gourm    .   (no shield)
rNeg     + . .     Faith    +   S - +6 fire dragon scales "Micaxuh" {rPois rF++ rC-}
rPois    +         Spirit   .   G - +2 helmet {Int+3}
rElec    +         Reflect  .   Q - scarf {rC+}
rCorr    .         Harm     .   k - +2 pair of gloves {Dex+3}
MR       +....     Clarity  +   J - +1 pair of boots "Cig Von" {+Fly}
Stlth    ..........             D - amulet of Iskiz {Faith Dex+2 SInv}
Regen    0.8/turn               C - +6 ring of intelligence
MPRegen  0.3/turn               t - ring of the Lotus Blossom {rElec rC++ rN+ Dex-2 Stlth-}

@: protected from physical damage, protection aura, repel missiles, slow
A: +LOS, swims, fangs 1, thin metallic scales 2, camouflage 1, clarity, clever
1, deterioration 1, frail 1, low mp 1, regeneration 1, slowness 1, strong 1,
strong legs 2
}: 2/15 runes: barnacled, gossamer
a: Hop, Upheaval, Elemental Force, Disaster Area, Renounce Religion, Evoke
Flight


You were on level 1 of the Depths.
You worshipped Qazlal.
Qazlal was exalted by your worship.
You were hungry.

You visited 7 branches of the dungeon, and saw 35 of its levels.
You visited the Abyss 2 times.
You also visited: Ice Cave.

You collected 3908 gold pieces.
You spent 2699 gold pieces at shops.

Inventory:

Hand Weapons
 A - a +7 eveningstar of protection (weapon)
 I - a +3 demon whip of flaming
Missiles
 z - 20 throwing nets (quivered)
Armour
 a - a +1 pair of boots
 k - a +2 pair of gloves of dexterity (worn)
 G - a +2 helmet of intelligence (worn)
 J - the +1 pair of boots "Cig Von" (worn) {+Fly}
   (You found it on level 3 of the Elven Halls)

   It lets you fly.
 Q - a scarf of cold resistance (worn)
 S - the +6 fire dragon scales "Micaxuh" (worn) {rPois rF++ rC-}
   (You bought it in a shop on level 6 of the Dungeon)

   It greatly protects you from fire.
   It makes you vulnerable to cold.
   It protects you from poison.
Magical Staves
 K - an uncursed staff of power {!a}
 V - an uncursed staff of conjuration {!a}
Jewellery
 m - an uncursed ring of protection from fire
 p - an uncursed ring of protection from magic
 t - the ring of the Lotus Blossom (right hand) {rElec rC++ rN+ Dex-2 Stlth-}
   (You found it on level 4 of the Dungeon)

   [ring of loudness]

   It affects your dexterity (-2).
   It greatly protects you from cold.
   It insulates you from electricity.
   It protects you from negative energy.
   It makes you less stealthy.
 C - a +6 ring of intelligence (left hand)
 D - the amulet of Iskiz (around neck) {Faith Dex+2 SInv}
   (You bought it in a shop on level 3 of the Shoals)

   [amulet of faith]

   It allows you to gain divine favour quickly.
   It affects your dexterity (+2).
   It lets you see invisible.
Wands
 b - a wand of confusion (18/48)
 s - a wand of disintegration (2/24)
 F - a wand of clouds (1/9)
Scrolls
 e - 15 scrolls of remove curse
 o - 7 scrolls of teleportation
 x - 4 scrolls of immolation
 y - 2 scrolls of magic mapping
 B - 3 scrolls of enchant armour
 E - 6 scrolls of fear
 O - 5 scrolls of recharging
 P - a scroll of holy word
 R - a scroll of blinking
 T - 5 scrolls of torment
 X - a scroll of fog
Potions
 f - 2 potions of agility
 i - 2 potions of heal wounds
 l - 9 potions of curing
 n - 9 potions of mutation
 q - 4 potions of ambrosia
 r - 5 potions of haste
 u - 4 potions of cancellation
 v - 4 potions of brilliance
 w - a potion of invisibility
 H - a potion of might
 N - 7 potions of flight
 Y - 4 potions of magic
Miscellaneous
 g - a phantom mirror
 j - a phial of floods
 L - a lightning rod (4/4)
 U - a fan of gales
 W - a box of beasts
 Z - a lamp of fire
Comestibles
 c - 15 bread rations
 h - 11 meat rations
 M - 3 royal jellies


   Skills:
 + Level 15.9 Fighting
 * Level 19.8 Maces & Flails
 + Level 15.1 Armour
 + Level 12.0 Dodging
 - Level 1.7 Stealth
 + Level 10.4 Spellcasting
 * Level 15.0 Conjurations
 - Level 3.0 Charms
 - Level 2.0 Necromancy
 - Level 10.4 Fire Magic
 + Level 11.6 Invocations
 - Level 7.3 Evocations


You had 8 spell levels left.
You knew the following spells:

 Your Spells              Type           Power        Failure   Level  Hunger
a - Flame Tongue          Conj/Fire      #####        1%          1    None
b - Conjure Flame         Conj/Fire      #######.     1%          3    None
c - Sticky Flame          Conj/Fire      #######.     1%          4    None
d - Fireball              Conj/Fire      #######...   1%          5    ##.....
e - Apportation           Tloc           ###...       12%         1    None
f - Swiftness             Chrm/Air       ####....     10%         2    None
g - Regeneration          Chrm/Necr      ####......   12%         3    None
h - Orb of Destruction    Conj           #######...   21%         7    ######.
i - Passwall              Tmut/Erth      ###.......   17%         2    None
j - Passage of Golubria   Tloc           N/A          89%         4    None


Dungeon Overview and Level Annotations

Branches:
Dungeon (15/15)            Temple (0/1) D:6            Lair (6/6) D:9
 Shoals (4/4) Lair:3       Spider (4/4) Lair:2        Slime (0/5) Lair:6
    Orc (2/2) D:10            Elf (3/3) Orc:2        Vaults (0/5) D:13
 Depths (1/5) D:15

Altars:
Dithmenos
Gozag
Hepliaklqana
Kikubaaqudgha
Makhleb
Okawaru
Qazlal
Trog
The Shining One
Jiyva

Shops:
D:6 [   D:7 *   D:13 }}   Orc:2 *(*[   Elf:1 [   Shoals:2 (   Shoals:3 =
Shoals:4 (

Annotations:
Elf:2 3 runed doors


Innate Abilities, Weirdness & Mutations

Shadows flee at your approach. (+LOS)
You can swim through water.
You cover ground slowly.
You can hop longer distances.
You have very sharp teeth.
You are mostly covered in thin metallic scales. (AC +3)
Your skin changes colour to match your surroundings (Stealth+).
You possess an exceptional clarity of mind.
Your mind is acute. (Int +2)
Your body sometimes deteriorates upon taking damage.
You are frail. (-10% HP)
Your magical capacity is low. (-10% MP)
Your natural rate of healing is unusually fast.
Your muscles are strong. (Str +2)


Message History

The sticky flame hits the iron troll.
The iron troll resists.
The iron troll is severely wounded.
The iron troll is covered in liquid flames!
You hear a sizzling sound!
The iron troll burns!
The iron troll bites you!
* * * LOW HITPOINT WARNING * * *
The iron troll barely misses you. The iron troll claws you!!
* * * LOW HITPOINT WARNING * * *
Your fire elemental sizzles in the rain.
Your fire elemental hits the iron troll.
Your fire elemental burns the iron troll!
The iron troll resists.
The deep troll closely misses you.
The deep troll claws you but does no damage. x2
The deep troll shaman closely misses you.
The deep troll shaman completely misses you.
The deep troll shaman claws you!
* * * LOW HITPOINT WARNING * * *
You feel more protected from physical attacks.
The iron troll bites you!
You die...

####'#....(........#
#............[######
#.......>..<..#
#.............#
+.............#
#.............#
#......§.E....#
#.......§TT...#
#..!....§@§§..#
#######...T§..###
####'##...#
#.##.#.....#
#.##..##....#
#.###.. #..# #.# ##.
#. #.# ## ..#


You could see an iron troll (burning), a deep troll, a deep troll shaman and a
friendly fire elemental.

Vanquished Creatures
  2 bone dragons
  An Ice Fiend (IceCv)
  Rupert (D:13)
  2 deep elf blademasters (Elf:3)
  2 deep elf master archers (Elf:3)
  A kraken (Shoals:1)
  4 tentacled starspawn
  Frances (Elf:1)
  Ilsuiw (Shoals:4)
  3 deep elf sorcerers (Elf:3)
  4 ghost moths
  Aizul (Spider:3)
  8 emperor scorpions
  3 deep elf elementalists (Elf:3)
  2 entropy weavers (Spider:3)
  A stone giant (Depths:1)
  5 deep elf demonologists (Elf:3)
  2 deep elf annihilators (Elf:3)
  3 spark wasps
  Josephine (Lair:3)
  2 merfolk javelineers
  7 deep elf death magi (Elf:3)
  An eidolon (Abyss:2)
  10 merfolk impalers
  2 deep elf high priests (Elf:3)
  3 hydras
  2 rakshasas
  A death knight (D:11)
  Fannar (Lair:2)
  Harold (D:11)
  6 merfolk aquamancers
  4 centaur warriors
  3 satyrs
  3 catoblepae (Lair:6)
  9 dancing weapons
  5 ogre magi
  2 alligator snapping turtles
  A tengu warrior (D:15)
  17 two-headed ogres
  Erica (D:8)
  8 death yaks
  8 merfolk avatars
  A deep troll shaman (Depths:1)
  A thrashing horror (Abyss:3)
  2 orc high priests
  11 deep elf knights
  5 wretched stars
  Nergalle (D:11)
  An iron troll (Depths:1)
  7 large abominations
  11 sea snakes
  2 wizards (D:15)
  7 deep elf archers
  A wolf spider zombie (D:13)
  Pikel (D:8)
  4 orc knights
  26 harpies
  33 orb spiders
  35 wolf spiders
  7 cyclopes
  10 fauns
  14 manticores
  9 ugly things
  4 orc sorcerers
  A cyclops (shapeshifter) (Elf:3)
  30 deep elf magi
  A worldbinder (Abyss:2)
  5 black mambas
  15 merfolk sirens
  A guardian serpent (Abyss:2)
  An ice statue (IceCv)
  A moth of wrath (Spider:4)
  Maurice (D:11)
  A naga mage (D:15)
  5 water nymphs
  2 gargoyles
  4 torpor snails
  9 spiny frogs
  A torpor snail (shapeshifter) (D:14)
  A kobold demonologist (D:15)
  2 centaur skeletons (D:10)
  5 rime drakes
  A freezing wraith (IceCv)
  15 demonic crawlers
  A tengu conjurer (D:15)
  2 anaconda simulacra (IceCv)
  2 ancient zymes
  6 komodo dragons
  A redback zombie (D:15)
  A wolf spider simulacrum (IceCv)
  8 ice devils (IceCv)
  29 merfolk
  15 trolls
  A harpy zombie (Shoals:1)
  7 hornets
  3 polar bears (Lair:1)
  45 jumping spiders
  A raiju (Abyss:2)
  4 dream sheep (Shoals:4)
  14 hippogriffs
  8 slime creatures
  11 snapping turtles
  8 wind drakes
  21 blink frogs
  An air elemental (Elf:1)
  A flying skull (Abyss:2)
  46 tarantellas
  2 starcursed masses (Abyss:3)
  A shock serpent simulacrum (Abyss:3)
  95 redbacks
  7 dire elephant simulacra (IceCv)
  13 water elementals
  4 wraiths
  3 wyverns
  3 hogs (Shoals:2)
  15 humans
  A neqoxec (Abyss:3)
  3 fire elementals
  57 yaks
  6 small abominations
  2 steam dragons
  2 basilisks (Lair:4)
  A death yak simulacrum (IceCv)
  4 hungry ghosts (D:10)
  6 vampire mosquitoes
  3 wargs
  3 chaos spawn
  Menkaure (D:4)
  4 harpy simulacra (IceCv)
  3 soldier ants
  5 hydra simulacra (IceCv)
  Edmund (D:4)
  9 porcupines
  13 water moccasins
  2 swamp drakes (Lair:5)
  6 ice beasts
  3 sky beasts
  An ettin simulacrum (IceCv)
  30 orc warriors
  2 slaves (D:8)
  A necrophage (D:9)
  30 ogres
  10 wolves
  9 centaurs
  14 crocodiles
  A big kobold (D:9)
  4 earth elementals
  A wyvern zombie (D:12)
  13 bullfrogs
  A wyvern skeleton (D:12)
  A troll zombie (D:10)
  6 killer bees (D:11)
  10 wights
  3 howler monkeys
  8 electric eels
  A jelly (D:13)
  7 crimson imps
  3 bullfrog zombies
  5 centaur zombies
  2 draconian simulacra (IceCv)
  3 quasits
  8 hounds
  20 orc wizards
  17 orc priests
  A bullfrog skeleton (D:5)
  An iron imp (Abyss:2)
  2 iguanas
  Crazy Yiuf (D:2)
  Ijyb (D:4)
  A hell rat (D:9)
  A spriggan simulacrum (IceCv)
  6 troll simulacra (IceCv)
  7 worker ants
  A centaur simulacrum (IceCv)
  6 ogre zombies (D:10)
  4 hound skeletons
  2 worker ant zombies
  Robin (D:2)
  14 adders
  2 naga simulacra (IceCv)
  3 shadow imps
  7 white imps
  8 ufetubi (IceCv)
  An adder zombie (D:5)
  2 adder skeletons
  4 worms (D:2)
  2 dart slugs
  The ghost of 4thArraOfDagon the Firebug, a weakling BaFE (D:3)
  4 leopard geckos
  69 orcs
  3 bat zombies (Shoals:1)
  7 giant cockroaches
  16 goblins
  14 hobgoblins
  17 jackals
  4 quokkas
  2 ball pythons
  6 bats
  2 frilled lizards
  A goblin skeleton (D:10)
  3 hobgoblin zombies
  18 kobolds
  A leopard gecko skeleton (D:5)
  An orc skeleton (D:10)
  18 orc zombies (D:10)
  A quokka skeleton (D:6)
  8 rats
  A crawling corpse (Elf:3)
  A fungus (D:2)
  3 plants
  2 starspawn tentacles
  A tentacle (Shoals:1)
1447 creatures vanquished.

Vanquished Creatures (collateral kills)
  Kirke (Shoals:2)
  Louise (Shoals:1)
  2 merfolk impalers
  2 merfolk aquamancers (Shoals:4)
  A sea snake (Shoals:4)
  3 harpies
  4 orb spiders
  2 manticores (Shoals:4)
  A merfolk siren (Shoals:4)
  4 merfolk
  A wind drake (Shoals:4)
  A water elemental (Shoals:4)
23 creatures vanquished.

Vanquished Creatures (others)
  A harpy (Shoals:4)
  A freezing wraith (Abyss:2)
  A water elemental (Shoals:4)
  3 redbacks
  A wight (Abyss:2)
  An orc (Orc:1)
  7 fungi
  A lurking horror (Abyss:3)
  41 plants
  26 starspawn tentacles
  42 tentacles
125 creatures vanquished.

Grand Total: 1595 creatures vanquished

Notes
Turn   | Place    | Note
-------+----------+-------------------------------------------
     0 | D:1      | 4thArraOfDagon the Barachi Fire Elementalist began the quest for the Orb.
     0 | D:1      | Reached XP level 1. HP: 13/13 MP: 3/3
   174 | D:1      | Reached XP level 2. HP: 16/19 MP: 0/5
   259 | D:2      | Noticed Robin
   331 | D:4      | Noticed Menkaure
   338 | D:4      | Killed Menkaure
   338 | D:4      | Reached XP level 3. HP: 24/24 MP: 5/7
   338 | D:4      | Reached XP level 4. HP: 30/30 MP: 5/8
   338 | D:4      | Reached XP level 5. HP: 35/35 MP: 5/9
   345 | D:3      | Learned a level 3 spell: Conjure Flame
   350 | D:3      | Learned a level 4 spell: Sticky Flame
   401 | D:4      | Noticed Edmund
   406 | D:4      | Killed Edmund
   406 | D:4      | Reached skill level 5 in Fire Magic
   406 | D:4      | Reached XP level 6. HP: 38/41 MP: 1/11
   626 | D:5      | Entered Level 5 of the Dungeon
   725 | D:5      | Noticed a yak
   725 | D:5      | Noticed a yak
   879 | D:6      | Noticed a sky beast
   889 | D:6      | Killed a sky beast
   889 | D:6      | Reached skill level 5 in Conjurations
   889 | D:6      | Reached XP level 7. HP: 6/46 MP: 4/12
   892 | D:6      | Gained mutation: You are partially covered in thin metallic scales. (AC +2) [mutagenic meat]
   893 | D:6      | Gained mutation: You have very sharp teeth. [mutagenic meat]
   894 | D:6      | Gained mutation: You are frail. (-10% HP) [mutagenic meat]
   897 | D:6      | Gained mutation: Your skin changes colour to match your surroundings (Stealth+). [mutagenic meat]
   917 | D:6      | Learned a level 5 spell: Fireball
  1096 | D:7      | Found a glowing golden altar of the Shining One.
  1096 | D:7      | Found a faded altar of an unknown god.
  1101 | D:7      | Found a hazy altar of Hepliaklqana.
  1172 | D:7      | Found Oruuc's General Store.
  1181 | D:7      | Bought a potion of curing for 39 gold pieces
  1456 | D:6      | Found Soehyco's Antique Armour Emporium.
  1530 | D:6      | Reached XP level 8. HP: 44/46 MP: 6/14
  1553 | D:6      | Found a stormy altar of Qazlal.
  1559 | D:6      | Became a worshipper of Qazlal Stormbringer
  1845 | D:4      | Noticed Ijyb
  1859 | D:4      | Killed Ijyb
  1884 | D:4      | Got a transparent turquoise ring
  1889 | D:4      | Identified the ring of the Lotus Blossom {rElec rC++ rN+ Dex-2 Stlth-} (You found it on level 4 of the Dungeon)
  2073 | D:2      | Reached * piety under Qazlal
  2097 | D:2      | Found a runed door.
  2101 | D:2      | Noticed Crazy Yiuf
  2105 | D:2      | Killed Crazy Yiuf
  2105 | D:2      | Reached skill level 1 in Fighting
  2373 | D:2      | Found an ancient bone altar of Kikubaaqudgha.
  2425 | D:2      | Killed Robin
  2848 | D:5      | Reached skill level 1 in Maces & Flails
  2862 | D:5      | Noticed a yak
  2862 | D:5      | Noticed a yak
  2862 | D:5      | Noticed a yak
  2868 | D:5      | Killed a yak
  2868 | D:5      | Reached skill level 2 in Maces & Flails
  2870 | D:5      | Killed a yak
  2870 | D:5      | Reached skill level 3 in Maces & Flails
  2870 | D:5      | Killed a yak
  2870 | D:5      | Reached skill level 4 in Maces & Flails
  2870 | D:5      | Reached XP level 9. HP: 58/58 MP: 3/16
  2880 | D:5      | Reached skill level 5 in Maces & Flails
  2930 | D:5      | Reached skill level 5 in Fighting
  3057 | D:6      | Reached ** piety under Qazlal
  3067 | D:6      | Reached skill level 6 in Maces & Flails
  3165 | D:8      | Got a translucent brass amulet
  3167 | D:8      | Identified the amulet "Dutysel" {Spirit Str+5 Dex+4} (You found it on level 8 of the Dungeon)
  3237 | D:8      | Reached skill level 1 in Armour
  3348 | D:8      | Noticed Pikel
  3401 | D:8      | Killed Pikel
  3401 | D:8      | Reached skill level 7 in Maces & Flails
  3525 | D:8      | Noticed Erica
  3539 | D:8      | Killed Erica
  3539 | D:8      | Reached skill level 8 in Maces & Flails
  3539 | D:8      | Reached XP level 10. HP: 69/69 MP: 11/17
  3595 | D:9      | Noticed a death yak
  3805 | D:8      | Reached *** piety under Qazlal
  3844 | D:9      | Found a staircase to the Lair.
  3890 | D:9      | Noticed a death yak
  3905 | D:9      | Killed a death yak
  3905 | D:9      | Reached skill level 9 in Maces & Flails
  3905 | D:9      | Reached skill level 1 in Invocations
  3995 | D:9      | Noticed a death yak
  4007 | D:9      | Killed a death yak
  4010 | D:9      | Killed a death yak
  4010 | D:9      | Reached skill level 5 in Armour
  4010 | D:9      | Reached skill level 5 in Dodging
  4058 | D:9      | Found a burning altar of Makhleb.
  4111 | D:10     | Entered Level 10 of the Dungeon
  4124 | D:10     | Reached XP level 11. HP: 66/77 MP: 13/18
  4222 | D:10     | Reached skill level 10 in Maces & Flails
  4391 | D:9      | Reached **** piety under Qazlal
  4609 | D:10     | Got a pitted war axe
  4610 | D:10     | Identified the +2 war axe of Broken Luck {freeze, rN+ Int+4} (You found it on level 10 of the Dungeon)
  4736 | D:10     | Found a staircase to the Orcish Mines.
  4872 | D:11     | Noticed Harold
  4892 | D:11     | Killed Harold
  4894 | D:11     | Noticed a manticore
  4918 | D:11     | Killed a manticore
  4992 | D:11     | Reached ***** piety under Qazlal
  5108 | D:11     | Noticed Maurice
  5122 | D:11     | Killed Maurice
  5234 | D:11     | Noticed a death knight
  5249 | D:11     | Killed a death knight
  5249 | D:11     | Reached skill level 11 in Maces & Flails
  5249 | D:11     | Reached skill level 5 in Spellcasting
  5369 | D:11     | Noticed Sonja
  5370 | D:11     | Noticed a centaur warrior
  5382 | D:11     | Killed a centaur warrior
  5393 | D:11     | Reached XP level 12. HP: 83/85 MP: 15/19
  5404 | D:11     | Noticed Sonja
  5404 | D:11     | Sonja changed into Sonja the blink frog
  5415 | D:11     | Killed Sonja the blink frog
  5441 | D:11     | Noticed Nergalle
  5454 | D:11     | Killed Nergalle
  5555 | D:11     | Learned a level 1 spell: Apportation
  5558 | D:11     | Learned a level 2 spell: Swiftness
  5965 | D:13     | Found a gate to the Vaults.
  5965 | D:13     | Noticed Rupert
  5965 | D:13     | Noticed an eight-headed hydra
  5965 | D:13     | Noticed a centaur warrior
  6105 | D:13     | Noticed a two-headed ogre
  6124 | D:13     | Killed a two-headed ogre
  6402 | D:13     | Noticed Nessos
  6411 | D:13     | Noticed Nessos
  6411 | D:13     | Nessos changed into Nessos the tarantella
  6415 | D:13     | Killed Nessos the tarantella
  6555 | D:13     | Killed a centaur warrior
  6653 | D:13     | Killed an eight-headed hydra
  6685 | D:13     | Gained mutation: You can hop longer distances. [Barachi growth]
  6685 | D:13     | Reached XP level 13. HP: 72/90 MP: 7/22
  6781 | D:13     | Reached skill level 12 in Maces & Flails
  7067 | D:14     | Gained mutation: Your magical capacity is low. (-10% MP) [mutagenic meat]
  7068 | D:14     | Gained mutation: You are mostly covered in thin metallic scales. (AC +3) [mutagenic meat]
  7069 | D:14     | Gained mutation: Your muscles are strong. (Str +2) [mutagenic meat]
  7071 | D:14     | Gained mutation: You possess an exceptional clarity of mind. [mutagenic meat]
  7101 | D:14     | Reached skill level 5 in Invocations
  7195 | D:15     | Entered Level 15 of the Dungeon
  7343 | D:13     | Found Wufoschue's Gadget Boutique.
  7366 | D:13     | Found Toraesm's Gadget Emporium.
  7390 | D:13     | Reached ****** piety under Qazlal
  7390 | D:13     | Reached skill level 10 in Fire Magic
  7513 | D:13     | Paralysed by Rupert for 3 turns
  7598 | Orc:1    | Entered Level 1 of the Orcish Mines
  7818 | Orc:1    | Reached skill level 10 in Fighting
  8143 | Orc:2    | Entered Level 2 of the Orcish Mines
  8199 | Orc:1    | Found a bloodstained altar of Trog.
  8246 | Orc:1    | Learned a level 3 spell: Regeneration
  8469 | Orc:2    | Reached skill level 10 in Conjurations
  8531 | Orc:2    | Found a staircase to the Elven Halls.
  8662 | Orc:2    | Reached XP level 14. HP: 82/99 MP: 13/21
  9019 | Orc:2    | Reached skill level 13 in Maces & Flails
  9436 | Orc:2    | Found Dupyboec's General Store.
  9436 | Orc:2    | Found Eson's Assorted Antiques.
  9437 | Orc:2    | Found Eroemehu's Antique Weapon Boutique.
  9437 | Orc:2    | Found Plog's Armour Emporium.
  9721 | Lair:1   | Entered Level 1 of the Lair of Beasts
 10258 | Lair:2   | Noticed Fannar
 10262 | Lair:2   | Found a hole to the Spider Nest.
 10269 | Lair:2   | Reached skill level 10 in Armour
 10277 | Lair:2   | Killed Fannar
 10775 | Lair:4   | Reached XP level 15. HP: 79/106 MP: 2/24
 11178 | Lair:5   | Identified a scroll of acquirement
 11186 | Lair:5   | :(
 11186 | Lair:5   | wasted
 11295 | Lair:5   | Reached skill level 14 in Maces & Flails
 11508 | Lair:6   | Entered Level 6 of the Lair of Beasts
 11508 | Lair:6   | Found a viscous altar of Jiyva.
 11508 | Lair:6   | Found a staircase to the Slime Pits.
 12127 | Lair:6   | jacquesderrida: Dageng
 13192 | D:8      | Found an opulent altar of Gozag.
 13390 | D:6      | Found a staircase to the Ecumenical Temple.
 13633 | D:3      | Noticed 4thArraOfDagon's ghost (weakling BaFE)
 13640 | D:3      | Killed 4thArraOfDagon's ghost
 13735 | D:3      | ReniFell: +9 club
 13737 | D:3      | ReniFell: wtf
 14125 | D:2      | Found an iron altar of Okawaru.
 14135 | D:2      | Found a shadowy altar of Dithmenos.
 14477 | D:4      | jacquesderrida: Хенирени
 14530 | D:6      | Bought slimy fire dragon scales for 1885 gold pieces
 14542 | D:6      | Identified the +6 fire dragon scales "Micaxuh" {rPois rF++ rC-} (You bought it in a shop on level 6 of the Dungeon)
 14542 | D:6      | jacquesderrida: Попал в мою ловушку
 14542 | D:6      | ReniFell: da???
 14542 | D:6      | jacquesderrida: Теперь не сможешь выбраться отсюда!!!
 14542 | D:6      | ReniFell: eto bajt
 14550 | D:6      | Learned a level 7 spell: Orb of Destruction
 14669 | Spider:1 | Entered Level 1 of the Spider Nest
 14743 | Spider:1 | Reached skill level 10 in Dodging
 14859 | Spider:1 | Reached skill level 1 in Charms
 14860 | Spider:1 | Reached skill level 1 in Necromancy
 14978 | Spider:1 | Found a frozen archway.
 14984 | IceCv    | Entered an ice cave
 15381 | IceCv    | jacquesderrida: Нет, не так!
 15392 | IceCv    | jacquesderrida: Это правда!
 15432 | IceCv    | jacquesderrida: Твоя судьба у меня в руках!
 15448 | IceCv    | Reached skill level 1 in Evocations
 15468 | IceCv    | Reached XP level 16. HP: 110/114 MP: 16/26
 15734 | IceCv    | Noticed an Ice Fiend
 15769 | IceCv    | Killed an Ice Fiend
 15917 | Spider:1 | Reached skill level 15 in Maces & Flails
 16258 | Spider:1 | ReniFell: net
 16782 | Spider:2 | Reached skill level 5 in Evocations
 17354 | Spider:3 | Noticed Aizul
 17698 | Spider:3 | Killed Aizul
 18177 | Spider:4 | Entered Level 4 of the Spider Nest
 18448 | Spider:3 | Upgraded the game from 0.20-a0-1018-ge435b50 to 0.20-a0-1020-g7b9e4fe
 18752 | Lair:3   | Found a staircase to the Shoals.
 18822 | Shoals:1 | Entered Level 1 of the Shoals
 18828 | Shoals:1 | Noticed a kraken
 18956 | Lair:3   | Reached XP level 17. HP: 117/120 MP: 18/27
 18988 | Shoals:1 | Reached skill level 16 in Maces & Flails
 19223 | Shoals:1 | Noticed Josephine
 19235 | Lair:3   | Killed Josephine
 19375 | Shoals:1 | Noticed Louise
 19398 | Shoals:1 | Cast into level 2 of the Abyss (Louise)
 19398 | Abyss:2  | Found a corrupted altar of Lugonu.
 19426 | Abyss:2  | Noticed a tentacled starspawn
 19456 | Abyss:2  | Killed a tentacled starspawn
 19507 | Abyss:2  | Noticed a bone dragon
 19531 | Abyss:2  | Killed a bone dragon
 19821 | Shoals:1 | Escaped the Abyss
 19836 | Shoals:1 | Killed Louise
 20003 | Shoals:1 | Killed a kraken
 20119 | Shoals:2 | Found Kacsieh's Antique Weapon Boutique.
 20121 | Shoals:2 | Noticed Kirke
 20581 | Shoals:2 | Reached skill level 17 in Maces & Flails
 20691 | Shoals:2 | Killed Kirke
 21221 | Shoals:3 | Reached XP level 18. HP: 117/130 MP: 23/27
 21299 | Shoals:3 | Found Pesusk's Jewellery Shop.
 21323 | Shoals:3 | Bought the amulet of Iskiz {Faith Dex+2 SInv} for 775 gold pieces
 21365 | Shoals:4 | Entered Level 4 of the Shoals
 21382 | Shoals:4 | Noticed Ilsuiw
 21641 | Shoals:4 | Reached skill level 10 in Invocations
 21705 | Shoals:4 | Killed Ilsuiw
 21924 | Shoals:4 | Reached skill level 18 in Maces & Flails
 22342 | Shoals:4 | Learned a level 2 spell: Passwall
 22347 | Shoals:4 | Learned a level 4 spell: Passage of Golubria
 22481 | Shoals:4 | Found Ikoenir's Weapon Shoppe.
 22696 | Shoals:4 | Got a barnacled rune of Zot
 23634 | Spider:3 | Reached XP level 19. HP: 123/137 MP: 17/28
 23860 | Spider:3 | Gained mutation: Your body sometimes deteriorates upon taking damage. [mutagenic meat]
 23861 | Spider:3 | Gained mutation: Your natural rate of healing is unusually fast. [mutagenic meat]
 23892 | Spider:3 | Gained mutation: Your mind is acute. (Int +2) [mutagenic meat]
 25032 | Spider:4 | Reached skill level 15 in Fighting
 25150 | Spider:4 | Got a gossamer rune of Zot
 25687 | Elf:1    | Entered Level 1 of the Elven Halls
 25744 | Elf:1    | Reached skill level 19 in Maces & Flails
 25931 | Elf:1    | Found Pasarhid's Antique Armour Shoppe.
 25983 | Elf:1    | Got a smoking fustibalus
 25984 | Elf:1    | Identified the +6 fustibalus of the Jester {flame, rPois Stlth+} (You found it on level 1 of the Elven Halls)
 26031 | Elf:1    | Noticed Frances
 26051 | Elf:1    | Killed Frances
 26470 | Elf:2    | Found a runed gate.
 26510 | Elf:2    | Got a transparent leather armour
 26804 | Elf:2    | Found a runed gate.
 26805 | Elf:2    | Found a runed gate.
 26822 | Elf:3    | Entered Level 3 of the Elven Halls
 26835 | Elf:3    | Reached XP level 20. HP: 130/145 MP: 24/30
 27066 | Elf:3    | Cast into level 3 of the Abyss (a deep elf demonologist)
 27066 | Abyss:3  | Found a corrupted altar of Lugonu.
 27073 | Abyss:3  | Got a distressingly furry shield
 27182 | Abyss:3  | Paralysed by accursed screaming for 1 turns
 27205 | Abyss:3  | Noticed a bone dragon
 27259 | Abyss:3  | Killed a bone dragon
 27418 | Abyss:3  | Reached skill level 10 in Spellcasting
 27432 | Elf:3    | Escaped the Abyss
 27678 | Elf:3    | Got a dazzling chain mail
 28123 | Elf:3    | Identified the +0 shield "Kywepaen" {Str-3 Int-5 Slay+4 Stlth+} (You acquired it on level 3 of the Abyss)
 28152 | Elf:3    | Identified the cursed +1 chain mail of the Scribe {*Slow MR++ Dex+3} (You took it off a deep elf master archer on level 3 of the Elven Halls)
 28169 | Elf:3    | Got a pair of faintly humming boots
 28176 | Elf:3    | Identified the +1 pair of boots "Cig Von" {+Fly} (You found it on level 3 of the Elven Halls)
 28177 | Elf:3    | Got a slimy broad axe
 28178 | Elf:3    | Identified the cursed +0 broad axe "Zoatzy" {chop, rC+ rN+} (You found it on level 3 of the Elven Halls)
 28185 | Elf:3    | Identified Ijaew's Collected Works on Bewitching Envenoming
 28190 | Elf:3    | Identified Dudalet's Hermeneutics Continued
 28286 | Elf:3    | Identified the Compendium of Cankerous Transformation
 28553 | D:13     | Killed Rupert
 28591 | D:13     | Reached skill level 15 in Armour
 28945 | D:15     | Reached skill level 15 in Conjurations
 28947 | D:15     | Found a shadowy altar of Dithmenos.
 29181 | D:15     | Reached XP level 21. HP: 153/153 MP: 31/31
 29222 | D:15     | Found a staircase to the Depths.
 29227 | Depths:1 | Entered Level 1 of the Depths
 29321 | Depths:1 | HP: 2/153 [deep troll shaman (10)]
 29321 | Depths:1 | Mangled by an iron troll

Vault maps used:
D:1:      dpeg_arrival_shelter
D:2:      marbit_many_paths, minitemple, uniq_robin, uniq_crazy_yiuf_cottage
D:4:      kennysheep_goblin_castle, minmay_a_box_with_orc_wizards_in_it,
          uniq_menkaure, uniq_edmund
D:5:      first_bread, eino_tiny_chamber
D:6:      minmay_temple_entry_fiery, serial_shops, nicolae_shop_stone,
          basic_altar
D:7:      chequers_temple_overflow_minitemple, serial_shops,
          nicolae_shop_temple_entry_statues_fountains, lightli_orcish_oven
D:8:      kennysheep_mini_moat, uniq_pikel, uniq_erica
D:9:      lemuel_blue_sif_altar, dpeg_lair_monsters, hangedman_pestilent_swarm,
          makhleb_blood_cavern_becter
D:10:     zombieorc2_lemuel
D:11:     serial_glass, glass_columns_a, glass_columns_b,
          kennysheep_cluttered_room, uniq_sonja, uniq_nergalle, uniq_harold,
          uniq_maurice
D:13:     david_vaults_3, serial_shops, nicolae_shop_crystal, shop_coins,
          kennysheep_potato, uniq_rupert, uniq_nessos
D:14:     roderic_lattice_a, minmay_misc_feat_cross, einodemon_barbed_minivault
D:15:     grunt_enter_depths_magical_seal, grunt_dithmenos_smoke
Lair:1:   serial_bayou_pond_e, cheibrodos_lair_lostbears
Lair:2:   spider_nest_entry_webs, serial_bayou_shore_b, uniq_fannar
Lair:3:   minmay_shoals_entry_hut, serial_bayou_lake_a
Lair:4:   lemuel_fruit_fields
Lair:5:   guppyfry_lair_drakes
Lair:6:   evilmike_catoblepas_cave, slime_altar_1
Shoals:1: nicolae_shoals_undead_eyrie, uniq_louise, uniq_josephine
Shoals:2: serial_shops, shop, uniq_kirke
Shoals:3: serial_shops, shop_statue, nicolae_shoals_isolated_beach
Shoals:4: shoals_end_simple, shoals_ilsuiw_ice, serial_shops, shop_statue
Spider:1: portal_ice_cave_entry_pillars_2, hangedman_spider_trapstep
Spider:3: uniq_aizul
Spider:4: grunt_spider_rune_circles, nicolae_spider_nook
Orc:1:    nicolae_orc_accident_3, trog_book
Orc:2:    st_orc_ogre_mass
Elf:1:    minmay_elf_arrival_plus, serial_shops,
          nicolae_shop_overgrown_old_shop, uniq_frances
Elf:3:    elf_hall_gauntlet_narrow, grunt_megastairs_2
Depths:1: enter_ziggurat_b, hellmouth_1, serial_sigils,
          serial_sigils_hangedman_etch, serial_sigils_hangedman_writhe,
          serial_sigils_hangedman_confine, lightli_giant_bouncers
Abyss:2:  minivault_26
IceCv:    ice_cave_caverns_01

Skill      XL: |  1  2  3  4  5  6  7  8  9 10 11 12 13 14 15 16 17 18 19 20 |
---------------+-------------------------------------------------------------+-----
Conjurations   | 2 3 4 5 6 7 8 10 11 12 13 15 | 15.0
Spellcasting   | 3 4 5 6 8 9 10 | 10.4
Fire Magic     | 4 5 6 7 9 10 | 10.4
Fighting       | 4 6 7 9 10 11 12 13 14 15 | 15.9
Maces & Flails | 4 8 9 11 12 13 14 15 17 18 19 | 19.8
Armour         | 3 5 7 8 9 10 11 12 13 14 15 | 15.1
Dodging        | 3 5 6 7 8 9 10 11 12 | 12.0
Invocations    | 2 3 4 5 6 7 8 9 10 11 | 11.6
Charms         | 3 |  3.0
Necromancy     | 2 |  2.0
Evocations     | 1 7 |  7.3
Stealth        | |  1.7

Action                   |  1- 3 |  4- 6 |  7- 9 | 10-12 | 13-15 | 16-18 | 19-21 || total
-------------------------+-------+-------+-------+-------+-------+-------+-------++-------
Melee: Club              |    16 |     5 |   131 |   561 |  1529 |   715 |       ||  2957
       Flail             |       |    29 |    97 |       |       |   196 |       ||   322
       Bite              |       |       |    17 |    59 |   207 |   280 |   174 ||   737
       Quarterstaff      |       |       |    37 |       |       |       |       ||    37
       War axe           |       |       |       |     2 |       |       |       ||     2
       Eveningstar       |       |       |       |       |       |   801 |  1362 ||  2163
       Unarmed           |       |       |       |       |       |    29 |       ||    29
       Demon whip        |       |       |       |       |       |   101 |       ||   101
Throw: Throwing net      |       |       |       |     2 |     1 |       |       ||     3
 Cast: Flame Tongue      |     9 |    13 |    50 |    31 |    18 |    30 |       ||   151
       Conjure Flame     |       |     2 |    10 |    38 |    58 |    35 |    27 ||   170
       Sticky Flame      |       |     6 |    25 |    45 |   114 |    85 |    52 ||   327
       Fireball          |       |       |       |     3 |    10 |     6 |       ||    19
       Regeneration      |       |       |       |       |       |    87 |    71 ||   158
Invok: Upheaval          |       |       |       |       |     8 |     6 |     7 ||    21
       Disaster Area     |       |       |       |       |     1 |       |       ||     1
       Elemental Force   |       |       |       |       |       |    16 |     6 ||    22
 Abil: Hop               |     2 |     1 |       |       |     2 |       |       ||     5
Evoke: Wand              |     3 |     6 |       |     6 |     2 |     7 |    12 ||    36
       Lightning rod     |       |       |       |       |     2 |     5 |     1 ||     8
       Phial of floods   |       |       |       |       |       |     2 |       ||     2
  Use: Scroll            |     3 |     1 |     5 |     7 |    20 |    18 |    12 ||    66
       Potion            |       |     1 |       |     4 |     1 |    19 |     6 ||    31
 Stab: Held in net/web   |       |       |       |     2 |       |       |       ||     2
       Distracted        |       |       |       |       |       |     3 |       ||     3
  Eat: Royal jelly       |       |     2 |       |     3 |     2 |    11 |     5 ||    23
       Chunk             |       |     1 |    18 |    17 |    33 |    12 |    14 ||    95
       Fruit             |       |       |       |       |    11 |     4 |     5 ||    20
Armor: Robe              |     2 |     7 |    93 |    64 |       |       |       ||   166
       Troll leather arm |       |       |       |    71 |   234 |   504 |       ||   809
       Ring mail         |       |       |       |     6 |       |       |       ||     6
       Fire dragon scale |       |       |       |       |    97 |   446 |   878 ||  1421
       Skin              |       |       |       |       |       |     2 |       ||     2
Dodge: Dodged            |    10 |    26 |   176 |   332 |   786 |  1740 |   817 ||  3887
       Deflected         |       |       |       |     8 |    16 |    53 |    38 ||   115
Block: Other             |       |       |     8 |   101 |   429 |   784 |   500 ||  1822
